 Dungeon Crawl Stone Soup version 0.30-a0-234-g97d66968fd (webtiles) character file.

Game seed: 2183389850156479578

35921 qw the Cleaver (level 13, -28/84 HPs)
             Began as a Gargoyle Fighter on Oct 9, 2022.
             Was an Elder of Okawaru.
             Killed from afar by an oklob plant (34 damage)
             ... with a splash of acid
             ... on level 5 of the Lair of Beasts.
             The game lasted 00:05:56 (15886 turns).

qw the Cleaver (Gargoyle Fighter)                  Turns: 15886, Time: 00:05:56

Health: -28/84     AC: 13    Str: 24    XL:     13   Next: 86%
Magic:  20/20      EV: 11    Int: 10    God:    Okawaru [****..]
Gold:   2365       SH:  9    Dex: 16    Spells: 12/12 levels left

rFire   . . .      SeeInvis .    p - +0 broad axe
rCold   + . .      Faith    .    y - +2 buckler
rNeg    + . .      Spirit   .    z - +2 plate armour "Fiell" {Int+2}
rPois   inf        Reflect  .    x - +1 helmet "Keuba" {*Corrode +Inv Dex+7}
rElec   +          Harm     .    h - +1 cloak {Will+}
rCorr   .          Rampage  .    s - +2 pair of gloves
Will    +....                    (no boots)
Stlth   ..........               (no amulet)
HPRegen 0.34/turn                g - +4 ring of slaying {mikee}
MPRegen 0.17/turn                k - ring of protection from cold

@: heroic, corroded
A: sickness immunity, AC +9, negative energy resistance 1, electricity
resistance, torment resistance 1, petrification resistance, claws 1, weak 1,
MP-powered wands
a: Renounce Religion, Evoke Invisibility, Heroism, Finesse


You were on level 5 of the Lair of Beasts.
You worshipped Okawaru.
Okawaru was greatly pleased with you.
You visited 3 branches of the dungeon, and saw 15 of its levels.

You collected 3353 gold pieces.
You spent 988 gold pieces at shops.


Innate Abilities, Weirdness & Mutations

You are immune to sickness and miasma.
Your stone body is resilient. (AC +9)
You are immune to poison.
You resist negative energy. (rN+)
You are resistant to electric shocks. (rElec)
You are resistant to unholy torment.
You are immune to petrification.
You have sharp fingernails.
You are weak. (Str -2)
You expend magic power (3 MP) to strengthen your wands.


   Skills:
 - Level 11.0(16.0) Fighting
 + Level 14.7(19.7) Axes
 - Level 2.5(7.5) Throwing
 - Level 10.0(15.0) Armour
 - Level 3.1(8.1) Dodging
 - Level 7.0(12.0) Shields
 - Level 10.0 Invocations


You had 12 spell levels left.
You didn't know any spells.
Your spell library was empty.

Inventory:

Hand Weapons
 p - a +0 broad axe (weapon)
 u - a +0 morningstar
Armour
 h - a +1 cloak of willpower (worn)
 i - a +8 plate armour of ponderousness
 s - a +2 pair of gloves (worn)
 w - +0 acid dragon scales
 x - the +1 helmet "Keuba" (worn) {*Corrode +Inv Dex+7}
   (Okawaru gifted it to you on level 4 of the Lair of Beasts)

   Dex:       It affects your dexterity (+7).
   +Inv:      It lets you turn invisible.
   *Corrode:  It may corrode you when you take damage.
 y - a +2 buckler (worn)
 z - the +2 plate armour "Fiell" (worn) {Int+2}
   (You found it on level 4 of the Lair of Beasts)

   Int:       It affects your intelligence (+2).
Jewellery
 f - a ring of ice
 g - a +4 ring of slaying (left hand) {mikee}
 k - a ring of protection from cold (right hand)
Scrolls
 b - a scroll of enchant weapon {unknown}
 j - a scroll of identify
 l - a scroll of blinking {unknown}
Potions
 a - 5 potions of mutation
 d - 3 potions of might
 e - 5 potions of attraction
 m - 7 potions of haste
 n - a potion of resistance
 o - 2 potions of magic
 q - 3 potions of lignification
 r - 8 potions of curing
 t - a potion of ambrosia {unknown}

Dungeon Overview and Level Annotations

Branches:
Dungeon (9/15)             Temple (1/1) D:5            Lair (5/5) D:9
  Swamp (0/4) Lair:3       Spider (0/4) Lair:2        Slime (0/5) Lair:4
    Orc: D:9-12

Altars:
Ashenzari
Cheibriados
Dithmenos
Elyvilon
Fedhas
Gozag
Hepliaklqana
Kikubaaqudgha
Makhleb
Nemelex Xobeh
Okawaru
Qazlal
Ru
Sif Muna
Trog
Uskayaw
Wu Jian
Xom
Yredelemnul
Zin
The Shining One
Jiyva

Shops:
D:8 !

Annotations:
Lair:4 1 runed translucent door


Message History

The splash of acid misses you. The oklob plant spits acid at you.
The splash of acid misses you. The oklob plant spits acid at you.
The splash of acid hits you but does no damage.
The oklob plant spits acid at you. The splash of acid misses you.
The oklob plant spits acid at you. The splash of acid misses you.
The oklob plant spits acid at you.
The splash of acid hits you but does no damage.
You are no longer corroded.
The oklob plant spits acid at you.
The splash of acid hits you but does no damage.
The acid corrodes you!
You feel like a meek peon again. The oklob plant spits acid at you.
The splash of acid hits you but does no damage.
The acid corrodes you!
15864 ||| INVOKING Heroism.
You gain the combat prowess of a mighty hero.
The oklob plant spits acid at you. The splash of acid hits you!
The acid corrodes you! The oklob plant spits acid at you.
You block the splash of acid. The oklob plant spits acid at you.
The splash of acid hits you. The oklob plant spits acid at you.
The splash of acid hits you!! The acid corrodes you!
The oklob plant spits acid at you. The splash of acid hits you!
The acid corrodes you!
15882 ||| DRINKING potion of heal wounds.
You feel much better. The oklob plant spits acid at you.
The splash of acid hits you! The acid corrodes you!
The oklob plant spits acid at you. The splash of acid hits you!
The acid corrodes you! The oklob plant spits acid at you.
The splash of acid hits you!!
You die...

.....~~¤¤.........# ..
##P....¤¤.........#
#P.###........###......#
##.#P##.......####....##
P............##.#.#..##.
..............#.....##..
........^............#..
........................
...[...@................
..PPP...%...............
PPP........###..###...
PPP....%...###..####..
..$...........##.#.##..
.............#....##...
..............#....P#...
......#.P....###...##...
#...P###.....#P........


You could see an oklob plant.

Vanquished Creatures
  A hydra (Lair:4)
  2 bog bodies (Lair:3)
  A lindwurm (Lair:4)
  3 elephants (Lair:4)
  4 cane toads
  2 kobold demonologists (D:9)
  4 rime drakes
  4 komodo dragons
  2 trolls (D:9)
  7 hornets
  24 blink frogs
  6 polar bears
  5 dream sheep
  Sigmund (D:6)
  4 jumping spiders (Lair:2)
  11 spriggans (Lair:5)
  37 yaks
  A wraith (D:9)
  8 wyverns
  2 basilisks
  2 swamp worms (Lair:3)
  Menkaure (D:4)
  2 acid dragons
  16 water moccasins
  6 ice beasts
  2 orc warriors
  8 black bears
  3 ogres (D:6)
  3 sky beasts (D:6)
  4 boggarts (Lair:5)
  20 wolves
  2 phantoms (D:5)
  2 centaurs
  4 kobold brigands
  13 bullfrogs
  2 gnoll sergeants
  4 necrophages
  Blork the orc (D:4)
  12 wights
  6 scorpions
  8 killer bees
  5 electric eels
  4 howler monkeys
  3 jellies
  4 orc priests
  3 hounds
  Terence (D:2)
  6 iguanas
  3 orc wizards (D:5)
  9 hell rats
  Robin (D:2)
  9 adders
  11 gnolls
  3 shadow imps
  A white imp (D:7)
  A worm (D:4)
  2 dart slugs
  27 orcs
  6 endoplasms
  13 goblins
  9 hobgoblins
  5 jackals
  4 quokkas
  4 ball pythons
  2 bats
  A frilled lizard (D:3)
  29 kobolds
  7 rats
  A bush (D:9)
  A butterfly (Lair:1)
425 creatures vanquished.

Vanquished Creatures (others)
  14 fungi
  30 plants
44 creatures vanquished.

Grand Total: 469 creatures vanquished

Notes
Turn   | Place    | Note
-------+----------+-------------------------------------------
     0 | D:1      | qw the Gargoyle Fighter began the quest for the Orb.
     0 | D:1      | Reached XP level 1. HP: 14/14 MP: 1/1
     0 | D:1      | 0 ||| qw: Version: 0.2-a-17-g06abaee
     0 | D:1      | 0 ||| qw: Game counter: 2332
     0 | D:1      | 0 ||| qw: Always use a shield: true
     0 | D:1      | 0 ||| qw: God list: Okawaru
     0 | D:1      | 0 ||| qw: Allow faded altars: false
     0 | D:1      | 0 ||| qw: Do Orc after D:15 true
     0 | D:1      | 0 ||| qw: Do second Lair branch before Depths: true
     0 | D:1      | 0 ||| qw: Lair rune preference: random
     0 | D:1      | 0 ||| qw: Plans: Normal, Zot:1-4, God:TSO, Crypt, Tomb,
                  | Pan, Slime:5, Hells, Abyss, Orb
     0 | D:1      | 0 ||| PLANNING D:1-11
    29 | D:1      | Reached skill level 2 in Axes
   258 | D:1      | Reached XP level 2. HP: 14/19 MP: 2/2
   365 | D:1      | 365 ||| DROPPING +0 club.
   431 | D:1      | 431 ||| DROPPING +0 whip.
   551 | D:1      | HP: 4/19 [gnoll/+0 spear (7)]
   553 | D:1      | Reached skill level 3 in Axes
   553 | D:1      | Reached XP level 3. HP: 5/23 MP: 3/3
  1027 | D:1      | 1027 ||| UPGRADING to +4 ring of slaying {mikee}.
  1028 | D:1      | 1028 ||| READING scroll labelled RANIEZUTEI.
  1164 | D:2      | 1164 ||| Stepping ~*~*~tactically~*~*~ (stealth).
  1210 | D:2      | 1210 ||| Stepping ~*~*~tactically~*~*~ (stealth).
  1220 | D:2      | Noticed Robin
  1221 | D:2      | 1221 ||| Stepping ~*~*~tactically~*~*~ (stealth).
  1233 | D:2      | 1233 ||| Stepping ~*~*~tactically~*~*~ (hiding).
  1234 | D:2      | 1234 ||| Stepping ~*~*~tactically~*~*~ (hiding).
  1241 | D:2      | Killed Robin
  1242 | D:2      | Reached XP level 4. HP: 22/28 MP: 4/4
  1329 | D:2      | 1329 ||| Stepping ~*~*~tactically~*~*~ (stealth).
  1332 | D:2      | 1332 ||| Stepping ~*~*~tactically~*~*~ (stealth).
  1361 | D:2      | Noticed Terence
  1366 | D:2      | Killed Terence
  1367 | D:2      | Reached skill level 4 in Axes
  1430 | D:2      | 1430 ||| Stepping ~*~*~tactically~*~*~ (stealth).
  1476 | D:2      | Found a faded altar of an unknown god.
  2048 | D:2      | 2048 ||| UPGRADING to +0 helmet.
  2053 | D:2      | 2053 ||| UPGRADING to +0 chain mail.
  2063 | D:2      | 2063 ||| DROPPING +0 scale mail.
  2064 | D:2      | 2064 ||| DROPPING orb of wrath.
  2065 | D:2      | 2065 ||| DROPPING +0 hat of stealth.
  2066 | D:2      | 2066 ||| READING 3 scrolls labelled LOHOAPAENN.
  2067 | D:2      | 2067 ||| READING scroll labelled ININGA NEWYFE.
  2070 | D:2      | 2070 ||| READING scroll labelled RAFO DAMPUAC.
  2071 | D:2      | 2071 ||| DRINKING 2 yellow potions.
  2072 | D:2      | 2072 ||| READING 2 scrolls of identify.
  2072 | D:2      | 2072 ||| IDENTIFYING clear potion
  2073 | D:2      | 2073 ||| DROPPING potion of brilliance.
  2124 | D:3      | Reached XP level 5. HP: 32/32 MP: 5/5
  3007 | D:3      | Reached skill level 5 in Axes
  3045 | D:3      | 3045 ||| READING 3 scrolls labelled OMIWUD QIWO.
  3045 | D:3      | Identified 3 scrolls of acquirement
  3045 | D:3      | 3045 ||| ACQUIRING +1 hat of Amorality {rN++ MP+9 Str+2}
  3045 | D:3      | Acquired the +1 hat of Amorality {rN++ MP+9 Str+2}
  3047 | D:3      | 3047 ||| UPGRADING to +1 hat of Amorality {rN++ MP+9
                  | Str+2}.
  3057 | D:3      | 3057 ||| DROPPING +0 helmet.
  3058 | D:3      | 3058 ||| READING 2 scrolls of acquirement.
  3058 | D:3      | 3058 ||| ACQUIRING +0 cloak of willpower
  3058 | D:3      | Acquired a +0 cloak of willpower
  3060 | D:3      | 3060 ||| UPGRADING to +0 cloak of willpower.
  3065 | D:3      | 3065 ||| READING scroll of acquirement.
  3065 | D:3      | 3065 ||| ACQUIRING 1060 gold pieces
  3065 | D:3      | Acquired 1060 gold pieces
  3122 | D:3      | 3122 ||| READING scroll labelled COTARR UCRISK.
  3123 | D:3      | 3123 ||| READING scroll labelled YQIEDI FAWIT.
  3124 | D:3      | 3124 ||| DRINKING 2 cyan potions.
  3124 | D:3      | Gained mutation: You have sharp fingernails. [potion of
                  | mutation]
  3124 | D:3      | Gained mutation: You expend magic power (3 MP) to
                  | strengthen your wands. [potion of mutation]
  3124 | D:3      | Gained mutation: You are weak. (Str -2) [potion of
                  | mutation]
  3125 | D:3      | 3125 ||| DRINKING 2 orange potions.
  3126 | D:3      | 3126 ||| READING 2 scrolls of identify.
  3126 | D:3      | 3126 ||| IDENTIFYING sapphire potion
  3127 | D:3      | 3127 ||| DROPPING potion of invisibility.
  3178 | D:4      | 3178 ||| STAIRDANCE
  3253 | D:4      | Noticed Blork the orc
  3266 | D:4      | Killed Blork the orc
  3267 | D:4      | Reached XP level 6. HP: 22/38 MP: 6/6
  3391 | D:4      | 3391 ||| Stepping ~*~*~tactically~*~*~ (stealth).
  3402 | D:4      | 3402 ||| Stepping ~*~*~tactically~*~*~ (stealth).
  3466 | D:4      | Reached skill level 6 in Axes
  3471 | D:4      | Noticed Menkaure
  3472 | D:4      | 3472 ||| Stepping ~*~*~tactically~*~*~ (hiding).
  3481 | D:4      | Killed Menkaure
  3482 | D:4      | Reached XP level 7. HP: 32/43 MP: 7/7
  3513 | D:4      | 3513 ||| Stepping ~*~*~tactically~*~*~ (stealth).
  3568 | D:4      | 3568 ||| Stepping ~*~*~tactically~*~*~ (stealth).
  3610 | D:4      | Found a shimmering altar of Xom.
  3821 | D:4      | 3821 ||| UPGRADING to ring of protection from cold.
  3836 | D:5      | Entered Level 5 of the Dungeon
  3962 | D:5      | Reached skill level 7 in Axes
  4086 | D:5      | Reached XP level 8. HP: 38/49 MP: 8/8
  4134 | D:5      | 4134 ||| Stepping ~*~*~tactically~*~*~ (hiding).
  4141 | D:5      | 4141 ||| Stepping ~*~*~tactically~*~*~ (stealth).
  4157 | D:5      | Reached skill level 1 in Throwing
  4280 | D:5      | 4280 ||| Stepping ~*~*~tactically~*~*~ (stealth).
  4323 | D:5      | 4323 ||| Stepping ~*~*~tactically~*~*~ (stealth).
  4331 | D:5      | 4331 ||| Stepping ~*~*~tactically~*~*~ (stealth).
  4490 | D:5      | 4490 ||| Stepping ~*~*~tactically~*~*~ (stealth).
  4493 | D:5      | 4493 ||| Stepping ~*~*~tactically~*~*~ (hiding).
  4498 | D:5      | Reached skill level 8 in Axes
  4535 | D:5      | Found a staircase to the Ecumenical Temple.
  4536 | D:5      | 4536 ||| PLANNING TEMPLE
  4536 | D:5      | 4536 ||| UPGRADING to amulet of guardian spirit.
  4541 | D:5      | 4541 ||| READING scroll labelled ESIMUBR POUM.
  4542 | D:5      | 4542 ||| DRINKING 2 fizzy clear potions.
  4656 | D:5      | 4656 ||| READING scroll of acquirement.
  4656 | D:5      | 4656 ||| ACQUIRING 820 gold pieces
  4656 | D:5      | Acquired 820 gold pieces
  4735 | D:5      | 4735 ||| READING scroll labelled MANYLE PUULELI.
  4760 | Temple   | Entered the Ecumenical Temple
  4797 | Temple   | 4797 ||| PLANNING OKAWARU WORSHIP
  5355 | Temple   | Became a worshipper of Warmaster Okawaru
  5356 | Temple   | 5356 ||| PLANNING D:1-11
  5356 | Temple   | 5356 ||| REMOVING amulet of guardian spirit.
  5378 | Temple   | 5378 ||| DROPPING amulet of guardian spirit.
  5518 | D:6      | HP: 11/49 [wight/+3 spear (6)]
  5519 | D:6      | 5519 ||| DRINKING 2 potions of heal wounds.
  5522 | D:6      | HP: 3/49 [wight/+3 battleaxe (8)]
  5523 | D:6      | 5523 ||| DRINKING potion of heal wounds.
  5528 | D:6      | HP: 10/51 [wight/+3 spear (3)]
  5531 | D:6      | Reached skill level 6 in Fighting
  5534 | D:6      | HP: 4/51 [wight/+3 spear (2)]
  5736 | D:6      | 5736 ||| Stepping ~*~*~tactically~*~*~ (stealth).
  5738 | D:6      | 5738 ||| Stepping ~*~*~tactically~*~*~ (hiding).
  5747 | D:6      | 5747 ||| Stepping ~*~*~tactically~*~*~ (hiding).
  5749 | D:6      | 5749 ||| Stepping ~*~*~tactically~*~*~ (hiding).
  5750 | D:6      | 5750 ||| Stepping ~*~*~tactically~*~*~ (hiding).
  5751 | D:6      | 5751 ||| Stepping ~*~*~tactically~*~*~ (hiding).
  5878 | D:6      | 5878 ||| Stepping ~*~*~tactically~*~*~ (stealth).
  5892 | D:6      | Reached * piety under Okawaru
  5893 | D:6      | Reached XP level 9. HP: 25/55 MP: 9/9
  6037 | D:6      | Reached skill level 1 in Invocations
  6160 | D:6      | Noticed Sigmund
  6161 | D:6      | 6161 ||| INVOKING Heroism.
  6181 | D:6      | Killed Sigmund
  6240 | D:6      | 6240 ||| Stepping ~*~*~tactically~*~*~ (stealth).
  6241 | D:6      | 6241 ||| Stepping ~*~*~tactically~*~*~ (stealth).
  6246 | D:6      | 6246 ||| Stepping ~*~*~tactically~*~*~ (stealth).
  6249 | D:6      | 6249 ||| Stepping ~*~*~tactically~*~*~ (hiding).
  6264 | D:6      | Reached skill level 9 in Axes
  6264 | D:6      | Reached skill level 3 in Invocations
  6276 | D:6      | 6276 ||| FLEEEEING.
  6277 | D:6      | 6277 ||| FLEEEEING.
  6278 | D:6      | 6278 ||| FLEEEEING.
  6279 | D:6      | 6279 ||| Stepping ~*~*~tactically~*~*~ (stealth).
  6280 | D:6      | 6280 ||| FLEEEEING.
  6281 | D:6      | 6281 ||| FLEEEEING.
  6282 | D:6      | 6282 ||| FLEEEEING.
  6283 | D:6      | 6283 ||| FLEEEEING.
  6284 | D:6      | 6284 ||| FLEEEEING.
  6285 | D:6      | 6285 ||| FLEEEEING.
  6286 | D:6      | 6286 ||| FLEEEEING.
  6287 | D:6      | 6287 ||| FLEEEEING.
  6288 | D:6      | 6288 ||| FLEEEEING.
  6289 | D:6      | 6289 ||| FLEEEEING.
  6290 | D:6      | 6290 ||| FLEEEEING.
  6291 | D:6      | 6291 ||| INVOKING Heroism.
  6292 | D:6      | 6292 ||| INVOKING Heroism.
  6370 | D:6      | 6370 ||| Stepping ~*~*~tactically~*~*~ (stealth).
  6374 | D:6      | 6374 ||| Stepping ~*~*~tactically~*~*~ (stealth).
  6376 | D:6      | 6376 ||| Stepping ~*~*~tactically~*~*~ (hiding).
  6405 | D:6      | 6405 ||| Stepping ~*~*~tactically~*~*~ (stealth).
  6432 | D:6      | 6432 ||| INVOKING Heroism.
  6448 | D:6      | 6448 ||| Stepping ~*~*~tactically~*~*~ (stealth).
  6450 | D:6      | 6450 ||| Stepping ~*~*~tactically~*~*~ (stealth).
  6451 | D:6      | 6451 ||| Stepping ~*~*~tactically~*~*~ (stealth).
  6457 | D:6      | 6457 ||| Stepping ~*~*~tactically~*~*~ (stealth).
  6458 | D:6      | 6458 ||| Stepping ~*~*~tactically~*~*~ (stealth).
  6484 | D:6      | 6484 ||| INVOKING Heroism.
  6585 | D:6      | 6585 ||| INVOKING Heroism.
  6599 | D:6      | Reached ** piety under Okawaru
  6719 | D:6      | 6719 ||| INVOKING Heroism.
  7008 | D:6      | Found a broken altar of Ashenzari.
  7017 | D:6      | 7017 ||| INVOKING Heroism.
  7144 | D:6      | 7144 ||| INVOKING Heroism.
  7148 | D:6      | Reached skill level 10 in Axes
  7209 | D:6      | 7209 ||| READING scroll labelled ROECVA GOGE.
  7249 | D:7      | 7249 ||| INVOKING Heroism.
  7252 | D:7      | Found a bloodstained altar of Trog.
  7254 | D:7      | Reached XP level 10. HP: 60/63 MP: 13/13
  7463 | D:7      | Found a stormy altar of Qazlal.
  7483 | D:7      | 7483 ||| INVOKING Heroism.
  7517 | D:7      | Identified the +2 robe of Rodutu {Str+5}
  7527 | D:7      | Found an ancient bone altar of Kikubaaqudgha.
  7529 | D:7      | 7529 ||| Stepping ~*~*~tactically~*~*~ (stealth).
  7582 | D:7      | 7582 ||| DROPPING +0 flail.
  7591 | D:7      | 7591 ||| Stepping ~*~*~tactically~*~*~ (stealth).
  7596 | D:7      | 7596 ||| Stepping ~*~*~tactically~*~*~ (stealth).
  7731 | D:7      | 7731 ||| DROPPING +0 flail of draining.
  7735 | D:7      | 7735 ||| INVOKING Heroism.
  7850 | D:7      | 7850 ||| UPGRADING to +0 pair of gloves.
  7855 | D:7      | 7855 ||| READING scroll labelled PAXKICH XYEK.
  7856 | D:7      | 7856 ||| READING scroll labelled LACUVO XEOFRUH.
  7857 | D:7      | 7857 ||| DRINKING 3 fuming green potions.
  7858 | D:7      | 7858 ||| READING 2 scrolls of identify.
  7858 | D:7      | 7858 ||| IDENTIFYING inky potion
  7924 | D:8      | 7924 ||| INVOKING Heroism.
  7970 | D:8      | 7970 ||| INVOKING Heroism.
  8002 | D:8      | 8002 ||| Stepping ~*~*~tactically~*~*~ (stealth).
  8003 | D:8      | 8003 ||| Stepping ~*~*~tactically~*~*~ (stealth).
  8043 | D:8      | 8043 ||| Stepping ~*~*~tactically~*~*~ (stealth).
  8046 | D:8      | 8046 ||| Stepping ~*~*~tactically~*~*~ (hiding).
  8053 | D:8      | 8053 ||| INVOKING Heroism.
  8056 | D:8      | 8056 ||| Stepping ~*~*~tactically~*~*~ (hiding).
  8062 | D:8      | Reached *** piety under Okawaru
  8063 | D:8      | Reached skill level 6 in Armour
  8183 | D:8      | 8183 ||| Stepping ~*~*~tactically~*~*~ (hiding).
  8184 | D:8      | 8184 ||| Stepping ~*~*~tactically~*~*~ (hiding).
  8185 | D:8      | 8185 ||| Stepping ~*~*~tactically~*~*~ (hiding).
  8186 | D:8      | 8186 ||| Stepping ~*~*~tactically~*~*~ (hiding).
  8193 | D:8      | 8193 ||| Stepping ~*~*~tactically~*~*~ (stealth).
  8295 | D:8      | 8295 ||| Stepping ~*~*~tactically~*~*~ (stealth).
  8510 | D:8      | Found Dupseh's Distillery.
  8511 | D:8      | 8511 ||| INVOKING Heroism.
  8531 | D:8      | 8531 ||| BUYING 2 potions of attraction (78 gold).
  8531 | D:8      | Bought 2 potions of attraction for 78 gold pieces
  8531 | D:8      | 8531 ||| BUYING 2 potions of haste (260 gold).
  8531 | D:8      | Bought 2 potions of haste for 260 gold pieces
  8531 | D:8      | 8531 ||| BUYING potion of curing (39 gold).
  8531 | D:8      | Bought a potion of curing for 39 gold pieces
  8531 | D:8      | 8531 ||| BUYING potion of haste (130 gold).
  8531 | D:8      | Bought a potion of haste for 130 gold pieces
  8531 | D:8      | 8531 ||| BUYING potion of heal wounds (65 gold).
  8531 | D:8      | Bought a potion of heal wounds for 65 gold pieces
  8531 | D:8      | 8531 ||| BUYING potion of heal wounds (65 gold).
  8531 | D:8      | Bought a potion of heal wounds for 65 gold pieces
  8531 | D:8      | 8531 ||| BUYING potion of lignification (39 gold).
  8531 | D:8      | Bought a potion of lignification for 39 gold pieces
  8531 | D:8      | 8531 ||| BUYING potion of magic (104 gold).
  8531 | D:8      | Bought a potion of magic for 104 gold pieces
  8531 | D:8      | 8531 ||| BUYING potion of mutation (104 gold).
  8531 | D:8      | Bought a potion of mutation for 104 gold pieces
  8531 | D:8      | 8531 ||| BUYING potion of mutation (104 gold).
  8531 | D:8      | Bought a potion of mutation for 104 gold pieces
  8588 | D:8      | Found a shadowy altar of Dithmenos.
  9026 | D:8      | 9026 ||| READING scroll labelled YRYGIE EDIE.
  9193 | D:9      | Found a sparkling altar of Nemelex Xobeh.
  9203 | D:9      | 9203 ||| INVOKING Heroism.
  9213 | D:9      | Reached skill level 11 in Axes
  9214 | D:9      | 9214 ||| Stepping ~*~*~tactically~*~*~ (stealth).
  9229 | D:9      | Reached skill level 9 in Fighting
  9229 | D:9      | Reached XP level 11. HP: 52/71 MP: 14/14
  9255 | D:9      | 9255 ||| Stepping ~*~*~tactically~*~*~ (stealth).
  9289 | D:9      | 9289 ||| Stepping ~*~*~tactically~*~*~ (stealth).
  9299 | D:9      | Found a staircase to the Lair.
  9381 | D:9      | 9381 ||| INVOKING Heroism.
  9458 | D:9      | 9458 ||| Stepping ~*~*~tactically~*~*~ (stealth).
  9462 | D:9      | 9462 ||| INVOKING Heroism.
  9469 | D:9      | Noticed a soul eater
  9469 | D:9      | Reached **** piety under Okawaru
  9497 | D:9      | Reached skill level 12 in Axes
  9545 | D:9      | 9545 ||| INVOKING Heroism.
  9633 | D:9      | 9633 ||| INVOKING Heroism.
  9645 | D:9      | Reached skill level 6 in Shields
  9645 | D:9      | Reached skill level 6 in Invocations
  9645 | D:9      | Received a gift from Okawaru
  9842 | D:9      | 9842 ||| Stepping ~*~*~tactically~*~*~ (hiding).
  9846 | D:9      | 9846 ||| INVOKING Heroism.
  9932 | D:9      | 9932 ||| Stepping ~*~*~tactically~*~*~ (hiding).
  9933 | D:9      | 9933 ||| Stepping ~*~*~tactically~*~*~ (hiding).
  9937 | D:9      | 9937 ||| INVOKING Heroism.
  9953 | D:9      | Found a hide-covered altar of Uskayaw.
  9958 | D:9      | Noticed a +0 dagger
  9958 | D:9      | Noticed a +0 hand axe
  9960 | D:9      | 9960 ||| Stepping ~*~*~tactically~*~*~ (stealth).
 10182 | D:9      | 10182 ||| PLANNING LAIR
 10182 | D:9      | 10182 ||| UPGRADING to +2 buckler.
 10192 | D:9      | 10192 ||| DROPPING +0 buckler.
 10193 | D:9      | 10193 ||| DROPPING amulet of magic regeneration.
 10194 | D:9      | 10194 ||| DROPPING ring of wizardry.
 10195 | D:9      | 10195 ||| DRINKING 2 ruby potions.
 10196 | D:9      | 10196 ||| DROPPING potion of flight.
 10223 | Lair:1   | Entered Level 1 of the Lair of Beasts
 10224 | Lair:1   | 10224 ||| INVOKING Heroism.
 10299 | Lair:1   | 10299 ||| INVOKING Heroism.
 10348 | Lair:1   | 10348 ||| INVOKING Heroism.
 10523 | Lair:1   | Received a gift from Okawaru
 10532 | Lair:1   | 10532 ||| INVOKING Heroism.
 10546 | Lair:1   | Reached ***** piety under Okawaru
 10547 | Lair:1   | 10547 ||| INVOKING Heroism.
 10984 | Lair:1   | 10984 ||| READING scroll labelled BYDAIBBAAMN.
 11032 | Lair:2   | Reached XP level 12. HP: 77/77 MP: 17/17
 11040 | Lair:2   | 11040 ||| INVOKING Heroism.
 11187 | Lair:2   | 11187 ||| READING scroll of enchant armour.
 11187 | Lair:2   | 11187 ||| ENCHANTING +0 pair of gloves.
 11296 | Lair:2   | 11296 ||| Stepping ~*~*~tactically~*~*~ (stealth).
 11354 | Lair:2   | 11354 ||| Stepping ~*~*~tactically~*~*~ (stealth).
 11407 | Lair:2   | Found a hole to the Spider Nest.
 11511 | Lair:2   | 11511 ||| Stepping ~*~*~tactically~*~*~ (stealth).
 11512 | Lair:2   | 11512 ||| Stepping ~*~*~tactically~*~*~ (stealth).
 11514 | Lair:2   | 11514 ||| INVOKING Heroism.
 11517 | Lair:2   | 11517 ||| Stepping ~*~*~tactically~*~*~ (stealth).
 11525 | Lair:2   | Reached skill level 9 in Invocations
 11559 | Lair:2   | You fall into a shaft and drop 2 floors!
 11568 | Lair:4   | Found a runed translucent door.
 11568 | Lair:4   | Noticed an acid blob
 11569 | Lair:4   | Found a viscous altar of Jiyva.
 11569 | Lair:4   | Found a staircase to the Slime Pits.
 11569 | Lair:4   | Noticed an acid blob
 11598 | Lair:4   | 11598 ||| Stepping ~*~*~tactically~*~*~ (hiding).
 11599 | Lair:4   | 11599 ||| Stepping ~*~*~tactically~*~*~ (hiding).
 11600 | Lair:4   | 11600 ||| Stepping ~*~*~tactically~*~*~ (hiding).
 11601 | Lair:4   | 11601 ||| INVOKING Heroism.
 11754 | Lair:4   | Identified the +1 helmet "Keuba" {*Corrode +Inv Dex+7}
                  | (Okawaru gifted it to you on level 4 of the Lair of Beasts)
 11754 | Lair:4   | Received a gift from Okawaru
 11791 | Lair:4   | 11791 ||| INVOKING Heroism.
 11813 | Lair:4   | Reached skill level 13 in Axes
 11817 | Lair:4   | HP: 15/77 [blink frog (7)]
 11818 | Lair:4   | 11818 ||| DRINKING 2 potions of heal wounds.
 11826 | Lair:4   | Noticed a four-headed hydra
 11827 | Lair:4   | 11827 ||| INVOKING Finesse.
 11830 | Lair:4   | 11830 ||| SWAPPING to +0 morningstar.
 11836 | Lair:4   | Killed a four-headed hydra
 11837 | Lair:4   | 11837 ||| SWAPPING to +0 spectral war axe.
 12046 | Lair:4   | Identified the +2 plate armour "Fiell" {Int+2}
 12090 | Lair:4   | 12090 ||| Stepping ~*~*~tactically~*~*~ (stealth).
 12091 | Lair:4   | 12091 ||| Stepping ~*~*~tactically~*~*~ (stealth).
 12093 | Lair:4   | 12093 ||| Stepping ~*~*~tactically~*~*~ (stealth).
 12271 | Lair:4   | 12271 ||| INVOKING Heroism.
 12290 | Lair:4   | 12290 ||| UPGRADING to +1 helmet "Keuba" {*Corrode +Inv
                  | Dex+7}.
 12300 | Lair:4   | 12300 ||| DROPPING +1 hat of Amorality {rN++ MP+9 Str+2}.
 12301 | Lair:4   | 12301 ||| UPGRADING to +2 plate armour "Fiell" {Int+2}.
 12304 | Lair:4   | 12304 ||| INVOKING Heroism.
 12309 | Lair:4   | 12309 ||| UPGRADING to +2 plate armour "Fiell" {Int+2}.
 12322 | Lair:4   | 12322 ||| DROPPING +0 chain mail.
 12323 | Lair:4   | 12323 ||| DROPPING ring of flight.
 12324 | Lair:4   | 12324 ||| READING 2 scrolls of identify.
 12324 | Lair:4   | 12324 ||| IDENTIFYING bubbling sapphire potion
 12655 | Lair:2   | 12655 ||| READING scroll of enchant armour.
 12655 | Lair:2   | 12655 ||| ENCHANTING +1 pair of gloves.
 13026 | Lair:3   | Reached skill level 3 in Dodging
 13068 | Lair:3   | 13068 ||| Stepping ~*~*~tactically~*~*~ (hiding).
 13070 | Lair:3   | 13070 ||| INVOKING Heroism.
 13125 | Lair:3   | Reached XP level 13. HP: 73/82 MP: 20/20
 13155 | Lair:3   | 13155 ||| READING scroll of enchant armour.
 13155 | Lair:3   | 13155 ||| ENCHANTING +0 cloak of willpower.
 13238 | Lair:3   | 13238 ||| Stepping ~*~*~tactically~*~*~ (stealth).
 13242 | Lair:3   | 13242 ||| INVOKING Heroism.
 13244 | Lair:3   | Reached skill level 9 in Armour
 13263 | Lair:3   | 13263 ||| Stepping ~*~*~tactically~*~*~ (stealth).
 13265 | Lair:3   | 13265 ||| Stepping ~*~*~tactically~*~*~ (stealth).
 13317 | Lair:3   | 13317 ||| Stepping ~*~*~tactically~*~*~ (stealth).
 13319 | Lair:3   | 13319 ||| INVOKING Heroism.
 13544 | Lair:3   | Found a glowing silver altar of Zin.
 13649 | Lair:3   | 13649 ||| INVOKING Heroism.
 13712 | Lair:3   | 13712 ||| INVOKING Heroism.
 13779 | Lair:3   | Found a staircase to the Swamp.
 13784 | Lair:3   | 13784 ||| INVOKING Heroism.
 14013 | Lair:3   | 14013 ||| READING 2 scrolls of identify.
 14013 | Lair:3   | 14013 ||| IDENTIFYING pink potion
 14014 | Lair:3   | 14014 ||| DROPPING potion of degeneration.
 14185 | Lair:4   | 14185 ||| INVOKING Heroism.
 14194 | Lair:4   | Received a gift from Okawaru
 14588 | Lair:5   | Entered Level 5 of the Lair of Beasts
 14601 | Lair:5   | 14601 ||| FLEEEEING.
 14602 | Lair:5   | 14602 ||| INVOKING Heroism.
 14694 | Lair:5   | 14694 ||| Stepping ~*~*~tactically~*~*~ (stealth).
 14695 | Lair:5   | 14695 ||| Stepping ~*~*~tactically~*~*~ (stealth).
 14699 | Lair:5   | 14699 ||| Stepping ~*~*~tactically~*~*~ (hiding).
 14862 | Lair:5   | 14862 ||| Stepping ~*~*~tactically~*~*~ (stealth).
 14865 | Lair:5   | 14865 ||| Stepping ~*~*~tactically~*~*~ (stealth).
 14866 | Lair:5   | 14866 ||| INVOKING Heroism.
 14874 | Lair:5   | Reached skill level 14 in Axes
 14943 | Lair:5   | 14943 ||| Stepping ~*~*~tactically~*~*~ (stealth).
 14944 | Lair:5   | 14944 ||| Stepping ~*~*~tactically~*~*~ (stealth).
 14945 | Lair:5   | 14945 ||| Stepping ~*~*~tactically~*~*~ (stealth).
 14946 | Lair:5   | 14946 ||| INVOKING Heroism.
 14949 | Lair:5   | 14949 ||| INVOKING Finesse.
 15046 | Lair:5   | 15046 ||| Stepping ~*~*~tactically~*~*~ (stealth).
 15048 | Lair:5   | 15048 ||| INVOKING Heroism.
 15049 | Lair:5   | 15049 ||| Stepping ~*~*~tactically~*~*~ (stealth).
 15053 | Lair:5   | 15053 ||| INVOKING Finesse.
 15062 | Lair:5   | 15062 ||| Stepping ~*~*~tactically~*~*~ (stealth).
 15110 | Lair:5   | 15110 ||| INVOKING Heroism.
 15150 | Lair:5   | 15150 ||| INVOKING Heroism.
 15151 | Lair:5   | Received a gift from Okawaru
 15186 | Lair:5   | 15186 ||| Stepping ~*~*~tactically~*~*~ (stealth).
 15203 | Lair:5   | 15203 ||| Stepping ~*~*~tactically~*~*~ (stealth).
 15204 | Lair:5   | 15204 ||| INVOKING Heroism.
 15208 | Lair:5   | 15208 ||| Stepping ~*~*~tactically~*~*~ (stealth).
 15209 | Lair:5   | 15209 ||| Stepping ~*~*~tactically~*~*~ (stealth).
 15217 | Lair:5   | 15217 ||| INVOKING Finesse.
 15230 | Lair:5   | 15230 ||| Stepping ~*~*~tactically~*~*~ (stealth).
 15254 | Lair:5   | 15254 ||| INVOKING Heroism.
 15307 | Lair:5   | 15307 ||| INVOKING Heroism.
 15308 | Lair:5   | 15308 ||| INVOKING Finesse.
 15437 | Lair:5   | 15437 ||| Stepping ~*~*~tactically~*~*~ (stealth).
 15439 | Lair:5   | 15439 ||| INVOKING Heroism.
 15503 | Lair:5   | 15503 ||| SWAPPING to +0 broad axe.
 15504 | Lair:5   | 15504 ||| DROPPING +0 spectral war axe.
 15596 | Lair:5   | 15596 ||| INVOKING Heroism.
 15609 | Lair:5   | 15609 ||| INVOKING Finesse.
 15629 | Lair:5   | HP: 20/84 [oklob plant/splash of acid (18)]
 15630 | Lair:5   | 15630 ||| READING scroll of teleportation.
 15631 | Lair:5   | 15631 ||| DRINKING 2 potions of heal wounds.
 15632 | Lair:5   | 15632 ||| INVOKING Heroism.
 15828 | Lair:5   | 15828 ||| INVOKING Heroism.
 15864 | Lair:5   | 15864 ||| INVOKING Heroism.
 15881 | Lair:5   | HP: 14/84 [oklob plant/splash of acid (12)]
 15882 | Lair:5   | 15882 ||| DRINKING potion of heal wounds.
 15884 | Lair:5   | HP: 6/84 [oklob plant/splash of acid (14)]
 15886 | Lair:5   | Killed from afar by an oklob plant

Levels and vault maps discovered:
D:1:      onia_arrival_handbag, layout_basic, hangedman_decor_slide_cut,
          nicolae_titane
D:2:      layout_basic, ebering_ecumenical_altar_hall, grunt_decor_mini_mirrors,
          chequers_serial_rivers_micro_a, uniq_terence, uniq_robin
D:3:      layout_basic
D:4:      layout_cave_pools, mainiacjoe_overflow_chevrons, uniq_menkaure,
          uniq_blork_the_orc
D:5:      layout_basic, temple_pool_b, kennysheep_cross_bottleneck,
          amcnicky_mini_pool_small
D:6:      minmay_polygon_palace, layout_gridville, nicolae_ashenzari_skybound,
          serial_bayou_lake_a, uniq_sigmund
D:7:      layout_basic, nicolae_kikubaaqudgha_miasma_corner,
          trog_ov_bears_minmay, mainiacjoe_overflow_catwalk,
          minmay_quadrilaterals
D:8:      layout_layer_cave, grunt_dithmenos_smoke, kennysheep_small_circle
D:9:      layout_long_grid, lemuel_tele_altar, dancing_weapons_uskayaw,
          minmay_lair_entry_grove, minmay_fractal_squares_diagonal_5
Temple:   compressed_dpeg_triangle_lava_temple
Lair:1:   layout_gridlike, infiniplex_staircase_pool, lemuel_fruit_fields
Lair:2:   layout_small_grid, spider_nest_entry_a, minmay_stone_trees_small,
          serial_bayou_shore_b
Lair:3:   layout_regular_city, nicolae_swamp_entry_splash_gauntlet, basic_altar
Lair:4:   layout_cave_pods, slime_entry_2
Lair:5:   minmay_lair_end_enchanted_forest, layout_regular_city,
          gammafunk_ghost_hydra_chop, nicolae_quartered_pool_impasse,
          columned_hall_lemuel, minmay_lair_oklob_bushes, minivault_19,
          st_stairs_3

Skill      XL: |  1  2  3  4  5  6  7  8  9 10 11 12 13 |
---------------+----------------------------------------+-----
Axes           | 2 3 4 5 6 7 8 10 11 12 13 14 | 14.7
Fighting       | 4 5 6 7 9 10 11 | 11.0
Dodging        | 2 3 |  3.1
Throwing       | 1 2 |  2.5
Armour         | 4 6 7 8 10 | 10.0
Invocations    | 4 7 10 | 10.0
Shields        | 4 5 6 7 |  7.0

Action                   |  1- 3 |  4- 6 |  7- 9 | 10-12 | 13-15 || total
-------------------------+-------+-------+-------+-------+-------++-------
Melee: War axe           |    65 |   151 |   226 |   347 |   207 ||   996
       Morningstar       |       |       |       |     4 |       ||     4
       Broad axe         |       |       |       |       |    16 ||    16
Throw: Boomerang         |       |     8 |    53 |   127 |     8 ||   196
Invok: Heroism           |       |       |     9 |    25 |    20 ||    54
       Finesse           |       |       |       |     1 |     5 ||     6
  Use: Scroll            |     1 |    10 |     4 |     8 |     3 ||    26
       Potion            |       |     3 |     3 |     3 |     2 ||    11
 Stab: Distracted        |       |       |       |     6 |     9 ||    15
Armor: Scale mail        |    21 |    15 |       |       |       ||    36
       Chain mail        |       |    74 |   110 |   115 |       ||   299
       Plate armour      |       |       |       |     1 |    80 ||    81
Dodge: Dodged            |    28 |    51 |    74 |    77 |    60 ||   290
Block: Buckler           |    10 |    31 |    20 |    57 |    62 ||   180

Table legend:
 A = Non-vault XP
 B = Vault XP
 C = Vault XP percentage of total XP
 D = Non-vault monster count
 E = Vault monster count
 F = Vault count percentage of total count
                 A         B        C        D         E       F
            +---------+---------+-------+---------+---------+-------
      Total |   32159 |   19158 |  37.3 |     300 |     123 |  29.1
            +---------+---------+-------+---------+---------+-------
        D:1 |      41 |       6 |  12.8 |      12 |       4 |  25.0
        D:2 |      37 |      66 |  64.1 |      19 |       9 |  32.1
        D:3 |      77 |       0 |   0.0 |      17 |       0 |   0.0
        D:4 |     228 |     254 |  52.7 |      20 |       2 |   9.1
        D:5 |    1087 |       0 |   0.0 |      27 |       0 |   0.0
        D:6 |    1218 |    1584 |  56.5 |      19 |      21 |  52.5
        D:7 |    1195 |     748 |  38.5 |      18 |       8 |  30.8
        D:8 |     981 |     153 |  13.5 |      26 |       1 |   3.7
        D:9 |    3161 |    4294 |  57.6 |      35 |      23 |  39.7
     Lair:1 |    3036 |       0 |   0.0 |      13 |       0 |   0.0
     Lair:2 |    3169 |     916 |  22.4 |      21 |       4 |  16.0
     Lair:3 |    3940 |    1711 |  30.3 |      19 |       5 |  20.8
     Lair:4 |   10062 |       0 |   0.0 |      39 |       0 |   0.0
     Lair:5 |    3927 |    9426 |  70.6 |      15 |      46 |  75.4
            +---------+---------+-------+---------+---------+-------
